 Dungeon Crawl Stone Soup version 0.22-a0-456-g11ed031 (webtiles) character file.

1409 xccam the Changer (level 8, -4/59 HPs)
             Began as a Green Draconian Transmuter on June 7, 2018.
             Was a Follower of Okawaru.
             Slain by a sky beast (6 damage)
             ... on level 6 of the Dungeon.
             The game lasted 00:10:54 (5495 turns).

xccam the Changer (Green Draconian Transmuter)      Turns: 5495, Time: 00:10:54

Health: -4/59      AC:  9    Str: 13    XL:     8   Next: 42%
Magic:  11/11      EV: 12    Int: 16    God:    Okawaru [*.....]
Gold:   293        SH:  0    Dex: 11    Spells: 8/11 levels left

rFire    . . .     SeeInvis .     - Unarmed
rCold    . . .     Gourm    .   (no shield)
rNeg     . . .     Faith    .   (armour unavailable)
rPois    +         Spirit   .   (helmet restricted)
rElec    .         Reflect  .   (no cloak)
rCorr    .         Harm     .   q - +2 pair of gloves
MR       .....                  (no boots)
Stlth    +.........             n - amulet of the acrobat
HPRegen  0.19/turn              (no ring)
MPRegen  0.12/turn              (no ring)

@: appendage (expiring), flying
A: breathe noxious fumes, unfitting armour, horns 2, poison resistance,
cold-blooded, AC +6
a: Breathe Noxious Fumes, End Transformation, Heroism, Renounce Religion


You were on level 6 of the Dungeon.
You worshipped Okawaru.
Okawaru was aware of your devotion.
You were not hungry.
You had grown temporary horns.
You visited 2 branches of the dungeon, and saw 7 of its levels.

You collected 293 gold pieces.

Inventory:

Hand Weapons
 h - the +5 rapier of Xotip {vamp, *Contam Str+5}
   (You found it on level 6 of the Dungeon)

   It inflicts no extra harm, but heals its wielder when it wounds a living foe.
   It affects your strength (+5).
   It causes magical contamination when unequipped.
Missiles
 a - 22 arrows
Armour
 j - a +1 buckler
 q - a +2 pair of gloves (worn)
Jewellery
 n - an amulet of the acrobat (around neck)
Wands
 i - a wand of polymorph (17)
 y - a wand of flame (20)
 A - a wand of scattershot (5)
 B - a wand of digging (20)
Scrolls
 b - 3 scrolls of remove curse
 e - 2 scrolls of amnesia
 g - 4 scrolls of teleportation
 p - 2 scrolls of enchant weapon
Potions
 k - 2 potions of cancellation {unknown}
 l - 4 potions of brilliance {unknown}
 m - 2 potions of flight
 s - a potion of might {unknown}
 t - 3 potions of haste {unknown}
 u - a potion of curing {unknown}
 w - a potion of ambrosia {unknown}
 x - a potion of degeneration {unknown}
 z - a potion of lignification
Comestibles
 c - 6 rations


   Skills:
 - Level 1.1 Fighting
 - Level 1.7 Dodging
 - Level 6.8 Unarmed Combat
 - Level 2.0 Spellcasting
 + Level 7.6 Transmutations
 + Level 4.2 Invocations


You had 8 spell levels left.
You knew the following spells:

 Your Spells              Type           Power        Failure   Level  Hunger
a - Beastly Appendage     Tmut           ####..       1%          1    #......
b - Sticks to Snakes      Tmut           ####....     1%          2    ###....

Your spell library contained the following spells:

 Spells                   Type           Power        Failure   Level  Hunger
 Spider Form              Tmut/Pois      ##........   13%         3    ###....
 Blade Hands              Tmut           ####......   26%         5    ######.
 Ice Form                 Ice/Tmut       ##......     41%         4    #####..


Dungeon Overview and Level Annotations

Branches:
Dungeon (6/15)             Temple (1/1) D:5

Altars:
Gozag
Nemelex Xobeh
Okawaru
Sif Muna
Trog
Vehumet


Innate Abilities, Weirdness & Mutations

You can breathe blasts of noxious fumes.
Your lurid green scales are hard. (AC +6)
You cannot fit into any form of body armour.
Your system is resistant to poisons. (rPois)
You are cold-blooded and may be slowed by cold attacks.
You have a pair of horns on your head.


Message History

You miss something.
Your tail-slap misses something.
Something hits you but does no damage.
You hit something but do no damage. You tail-slap something.
Something barely misses you.
You miss something.
Your transformation is almost over.
You closely miss something. Your punch misses something. Something hits you.
* * * LOW HITPOINT WARNING * * *
Something shocks you.
* * * LOW HITPOINT WARNING * * *
You hit something but do no damage. Something hits you.
* * * LOW HITPOINT WARNING * * *
Something shocks you.
* * * LOW HITPOINT WARNING * * *
It was a potion of flight.
You feel very buoyant.
You fly up into the air.
Something hits you.
* * * LOW HITPOINT WARNING * * *
Something shocks you.
You die...

****** *,,,,*
###,,,,**############
..+,,,,,,......{@...#
###...,**##########.######
......,,,,,,......>.....>#
######,*****#######.####.#
*,* #.# #.# # ***,** #.#
#.# ## *,,,,* #.# #.# .#
*,,,,* #.####.######## .#
*,,,,* #..............


There were no monsters in sight!

Vanquished Creatures
  Grinder (D:3)
  Edmund (D:4)
  An ogre (D:5)
  Blork the orc (D:5)
  4 bullfrogs (D:6)
  A howler monkey (D:5)
  2 hounds
  An orc priest (D:5)
  3 centaur skeletons
  2 jellies
  An orc wizard (D:5)
  Ijyb (D:3)
  Natasha (thrice) (D:4 D:5)
  2 worker ants (D:4)
  A howler monkey zombie (D:5)
  2 gnolls
  A howler monkey skeleton (D:4)
  6 adders
  An ooze (D:5)
  An adder skeleton (D:4)
  5 worms
  2 dart slugs
  13 orcs
  9 bats
  10 giant cockroaches
  4 hobgoblins
  7 kobolds
  A quokka (D:4)
  9 frilled lizards
  5 goblins
  A jackal zombie (D:5)
  6 rats
108 creatures vanquished.

Vanquished Creatures (collateral kills)
  Menkaure (D:4)
  A jelly (D:6)
  A frilled lizard (D:4)
3 creatures vanquished.

Vanquished Creatures (others)
  A plant (D:2)
1 creature vanquished.

Grand Total: 112 creatures vanquished

Notes
Turn   | Place    | Note
-------+----------+-------------------------------------------
     0 | D:1      | xccam the Draconian Transmuter began the quest for the Orb.
     0 | D:1      | Reached XP level 1. HP: 16/16 MP: 3/3
   326 | D:1      | Reached XP level 2. HP: 23/23 MP: 5/5
   993 | D:2      | Reached XP level 3. HP: 8/28 MP: 4/6
  1336 | D:2      | Found a deep blue altar of Sif Muna.
  1465 | D:2      | Reached XP level 4. HP: 35/35 MP: 7/7
  1501 | D:2      | Reached skill level 5 in Unarmed Combat
  1933 | D:3      | Noticed Grinder
  1949 | D:3      | Killed Grinder
  1949 | D:3      | Reached XP level 5. HP: 17/40 MP: 8/8
  1949 | D:3      | Reached XP level 6. HP: 20/47 MP: 9/9
  2461 | D:3      | Reached skill level 3 in Transmutations
  2485 | D:3      | Learned a level 2 spell: Sticks to Snakes
  2675 | D:3      | Noticed Ijyb
  2730 | D:3      | Killed Ijyb
  3053 | D:4      | Noticed Natasha
  3060 | D:4      | Killed Natasha
  3060 | D:4      | Reached skill level 4 in Transmutations
  3098 | D:4      | Noticed Edmund
  3123 | D:4      | Killed Edmund
  3123 | D:4      | Your scales start taking on a lurid green colour.
  3123 | D:4      | Reached XP level 7. HP: 39/52 MP: 4/10
  3123 | D:4      | Gained mutation: Your system is resistant to poisons. (rPois) [Green Draconian growth]
  3126 | D:4      | Reached skill level 5 in Transmutations
  3161 | D:4      | Noticed Natasha
  3235 | D:4      | Found an opulent altar of Gozag.
  3282 | D:4      | Noticed Menkaure
  3288 | D:4      | Killed Menkaure
  3533 | D:4      | Killed Natasha
  3944 | D:5      | Entered Level 5 of the Dungeon
  4068 | D:5      | Noticed Sigmund
  4069 | D:5      | Noticed Sigmund
  4069 | D:5      | Sigmund changed into Sigmund the ooze
  4074 | D:5      | Killed Sigmund the ooze
  4083 | D:5      | Reached skill level 6 in Transmutations
  4417 | D:5      | Found a staircase to the Ecumenical Temple.
  4417 | D:5      | Noticed Natasha
  4429 | D:5      | Killed Natasha
  4442 | Temple   | Entered the Ecumenical Temple
  4476 | Temple   | Became a worshipper of Warmaster Okawaru
  4527 | D:5      | Noticed Blork the orc
  4547 | D:5      | Killed Blork the orc
  4547 | D:5      | Reached skill level 1 in Invocations
  4610 | D:5      | Found an iron altar of Okawaru.
  4619 | D:5      | Reached XP level 8. HP: 45/59 MP: 11/11
  4910 | D:6      | Reached skill level 7 in Transmutations
  5091 | D:6      | Reached * piety under Okawaru
  5445 | D:6      | Got a bloodstained rapier
  5452 | D:6      | Identified the +5 rapier of Xotip {vamp, *Contam Str+5} (You found it on level 6 of the Dungeon)
  5495 | D:6      | HP: 2/59 [something (2)]
  5495 | D:6      | Slain by a sky beast

Vault maps used:
D:1:      eino_arrival_druids_welcome
D:2:      overflow_temple_1_default, serial_forest, infiniplex_forest_end_3,
          infiniplex_forest_split, infiniplex_forest_clump_double,
          infiniplex_forest_end_1, infiniplex_forest_straight_4,
          infiniplex_forest_diagonal
D:3:      minmay_wonky_spiral, serial_glass, glass_columns_a, glass_columns_b,
          glass_columns_a, glass_columns_a, due_unseen_surprise, minivault_25,
          uniq_grinder, uniq_ijyb
D:4:      nicolae_gozag_seed_capital, uniq_menkaure, uniq_edmund, uniq_natasha
D:5:      minmay_temple_entry_trees, first_ration, okawaru_altar_gauntlet_db,
          uniq_blork_the_orc, uniq_sigmund
Temple:   dpeg_five_rooms_temple

Skill      XL: |  1  2  3  4  5  6  7  8 |
---------------+-------------------------+-----
Unarmed Combat | 4 6 |  6.8
Transmutations | 4 6 7 |  7.6
Invocations    | 2 4 |  4.2
Fighting       | |  1.1
Dodging        | |  1.7
Spellcasting   | |  2.0

Action                   |  1- 3 |  4- 6 |  7- 9 || total
-------------------------+-------+-------+-------++-------
Melee: Unarmed           |   129 |   219 |   187 ||   535
       Tailslap          |     9 |    17 |    20 ||    46
       Punch             |     1 |     3 |     4 ||     8
       Kick              |     1 |     1 |       ||     2
       Headbutt          |       |     5 |     2 ||     7
 Cast: Beastly Appendage |     4 |     6 |     1 ||    11
       Sticks to Snakes  |       |     3 |     4 ||     7
 Abil: Breathe Noxious F |       |       |     3 ||     3
Evoke: Wand              |       |       |     1 ||     1
  Use: Potion            |     1 |       |     1 ||     2
       Scroll            |     1 |       |     8 ||     9
 Stab: Sleeping          |       |     2 |       ||     2
       Confused          |       |       |     3 ||     3
  Eat: Ration            |     1 |       |     1 ||     2
       Chunk             |       |     4 |     6 ||    10
Armor: Skin              |    51 |    73 |    53 ||   177
Dodge: Dodged            |    93 |   141 |   103 ||   337

Table legend:
 A = Spawn XP
 B = Non-spawn XP
 C = Spawn XP percentage of total XP
 D = Spawn monster count
 E = Non-spawn monster count
 F = Spawn count percentage of total count
 G = Total turns spent on level
                    A         B        C        D         E        F      G
               +---------+---------+-------+---------+---------+-------+---------
         Total |       0 |    2013 |   0.0 |       0 |     111 |   0.0 |  5495
               +---------+---------+-------+---------+---------+-------+---------
           D:1 |       0 |      31 |   0.0 |       0 |      19 |   0.0 |   890
           D:2 |       0 |      79 |   0.0 |       0 |      13 |   0.0 |   970
           D:3 |       0 |     466 |   0.0 |       0 |      34 |   0.0 |  1097
           D:4 |       0 |     458 |   0.0 |       0 |      13 |   0.0 |  1135
           D:5 |       0 |     504 |   0.0 |       0 |      24 |   0.0 |  1001
           D:6 |       0 |     475 |   0.0 |       0 |       8 |   0.0 |   338
               +---------+---------+-------+---------+---------+-------+---------
